 Dungeon Crawl Stone Soup version 0.16.2-12-gd0ad4c3 (webtiles) character file.

9380 faibistes the Thaumaturge (level 11, 0/62 HPs)
             Began as a Deep Elf Wizard on July 3, 2018.
             Was an Elder of Sif Muna.
             Slain by a yak (5 damage)
             ... on level 10 of the Dungeon.
             The game lasted 00:47:01 (16069 turns).

faibistes the Thaumaturge (Deep Elf Wizard)        Turns: 16069, Time: 00:47:02

Health: 0/62       AC:  6    Str:  4    XL:     11   Next: 22%
Magic:  32/34      EV: 16    Int: 27    God:    Sif Muna [****..]
Gold:   513        SH:  0    Dex: 13    Spells: 9 memorised, 10 levels left

rFire  . . .     SeeInvis .     w - +1 dagger (venom)
rCold  . . .     Clarity  .     k - +2 robe {rN+}
rNeg   + . .     SustAb   .     (no shield)
rPois  +         Gourm    .     j - +2 hat
rElec  .         Spirit   .     (no cloak)
rCorr  .         Warding  .     (no gloves)
rMut   .         Stasis   .     (no boots)
MR     ++...                    o - amulet of rage
Stlth  ++........               g - ring of poison resistance
                                b - ring of protection from magic

@: repel missiles, very resistant to hostile enchantments, unstealthy
A: no striking features
a: Channel Energy, Forget Spell, Renounce Religion, Evoke Berserk Rage


You were on level 10 of the Dungeon.
You worshipped Sif Muna.
Sif Muna was greatly pleased with you.
You were not hungry.

You visited 2 branches of the dungeon, and saw 12 of its levels.

You collected 625 gold pieces.
You spent 112 gold pieces at shops.

Inventory:

Hand weapons
 e - a +3 dagger
 h - a +2 dagger of flaming
 w - a +1 dagger of venom (weapon)
Armour
 j - a +2 hat (worn)
 k - a +2 robe of positive energy (worn)
Jewellery
 b - a ring of protection from magic (left hand)
 g - a ring of poison resistance (right hand)
 i - an uncursed ring of stealth
 o - an amulet of rage (around neck)
Magical devices
 r - a wand of paralysis (24)
 E - a wand of disintegration (14)
Scrolls
 a - a scroll of blinking
 m - 3 scrolls of identify
 n - 5 scrolls of recharging
 s - a scroll of magic mapping
 u - 3 scrolls of teleportation
 v - 3 scrolls of enchant armour
 A - 3 scrolls of remove curse
Potions
 l - 2 potions of agility
 p - a potion of might
 q - 2 potions of flight
 x - 2 potions of restore abilities
 y - 3 potions of curing
 z - a potion of haste {unknown}
 B - a potion of lignification
Books
 c - a book of Minor Magic

   Spells                             Type                      Level
   a - Magic Dart                     Conjuration                  1
   b - Blink                          Translocation                2
   c - Call Imp                       Summoning                    2
   d - Repel Missiles                 Charms/Air                   2
   e - Slow                           Hexes                        2
   f - Conjure Flame                  Conjuration/Fire             3
   g - Mephitic Cloud                 Conjuration/Poison/Air       3
 t - a book of the Warp

   Spells                             Type                      Level
   a - Recall                         Summoning/Translocation      3
   b - Control Teleport               Charms/Translocation         4
   c - Force Lance                    Conjuration/Translocation    4
   d - Phase Shift                    Translocation                5
   e - Warp Weapon                    Charms/Translocation         5
   f - Gell's Gravitas                Hexes/Translocation          5
   g - Summon Forest                  Summoning/Translocation      5
 C - a book of Burglary

   Spells                             Type                      Level
   a - Swiftness                      Charms/Air                   2
   b - Passwall                       Transmutation/Earth          3
   c - Passage of Golubria            Translocation                4
   d - Lee's Rapid Deconstruction     Earth                        5
   e - Invisibility                   Hexes                        6
   f - Darkness                       Hexes                        7
 F - a book of Party Tricks

   Spells                             Type                      Level
   a - Summon Butterflies             Summoning                    1
   b - Apportation                    Translocation                1
   c - Tukima's Dance                 Hexes                        3
   d - Alistair's Intoxication        Transmutation/Poison         4
   e - Invisibility                   Hexes                        6
 G - a book of Frost

   Spells                             Type                      Level
   a - Freeze                         Ice                          1
   b - Throw Frost                    Conjuration/Ice              2
   c - Ozocubu's Armour               Charms/Ice                   3
   d - Throw Icicle                   Conjuration/Ice              4
   e - Summon Ice Beast               Ice/Summoning                4
   f - Condensation Shield            Ice                          4
Comestibles
 d - 8 bread rations
 f - 6 meat rations
 D - 17 chunks of flesh
 H - 11 fruits
 I - 6 slices of pizza


   Skills:
 + Level 4.6 Fighting
 + Level 7.6 Dodging
 - Level 2.4 Stealth
 * Level 12.0 Spellcasting
 + Level 6.1 Conjurations
 + Level 2.3 Charms
 * Level 5.2 Summonings
 + Level 3.1 Translocations
 * Level 2.9 Transmutations
 + Level 4.1 Fire Magic
 * Level 2.3 Ice Magic
 - Level 3.4 Air Magic
 * Level 3.2 Earth Magic
 - Level 2.9 Poison Magic
 * Level 2.5 Invocations
 + Level 6.1 Evocations


You had 10 spell levels left.
You knew the following spells:

 Your Spells              Type           Power        Failure   Level  Hunger
a - Magic Dart            Conj           ####         1%          1    None
b - Conjure Flame         Conj/Fire      #####...     1%          3    None
c - Summon Ice Beast      Ice/Summ       #####...     10%         4    None
d - Blink                 Tloc           N/A          1%          2    None
e - Mephitic Cloud        Conj/Pois/Air  #####...     1%          3    None
f - Repel Missiles        Chrm/Air       ####..       1%          2    None
g - Passwall              Trmt/Erth      ####......   2%          3    None
h - Call Imp              Summ           #####...     1%          2    None
x - Force Lance           Conj/Tloc      #####...     6%          4    None


Dungeon Overview and Level Annotations

Branches:
Dungeon (11/15)            Temple (1/1) D:7
   Lair: D:8-11         Orc: D:9-12

Altars:
Ashenzari
Cheibriados
Dithmenos
Elyvilon
Fedhas
Gozag
Kikubaaqudgha
Makhleb
Nemelex Xobeh
Okawaru
Qazlal
Ru
Sif Muna
Trog
Vehumet
Xom
Yredelemnul
Zin
The Shining One

Shops:
D:6 ?

Annotations:
D:8 exclusion: oklob plant


Message History

There is a stone staircase leading up, spattered with blood here.
The yak gores you. The yak gores you! The yak closely misses you.
You climb upwards.
There is a stone staircase leading down here.
Casting: Force Lance
Confirm with . or Enter, or press ? or * to list all spells.
You blink.
Things that are here:
a robe; a dagger The yak gores you!
The yak gores you!
* * * LOW HITPOINT WARNING * * *
Casting: Blink
Confirm with . or Enter, or press ? or * to list all spells.
You miscast Blink.
Sif Muna protects you from the effects of your miscast!
The yak gores you!
* * * LOW HITPOINT WARNING * * *
The yak gores you.
You die...

.....#######....
.....#.....#...
.....#.....###+#
.#####.........####
.#................#
.'.........[......#
.#.........รท....(.#
.#.............Y..#
.#...(......)..Y@.#
.#.........([>.Y..#
.#####'#####+####.#
................#.#
................#.#
................###
.................
.................
##..............


You could see 3 yaks.

Vanquished Creatures
  A hydra (D:9)
  A cyclops (D:7)
  A troll (D:9)
  A two-headed ogre (D:9)
  10 yaks
  Eustachio (D:5)
  A wyvern (D:10)
  A hungry ghost (D:9)
  2 steam dragons
  4 orc warriors
  3 black bears
  A water moccasin (D:7)
  5 ice beasts
  A necrophage (D:8)
  2 phantoms
  6 ogres
  3 centaurs
  5 big kobolds
  5 giant frogs
  2 crocodiles (D:10)
  A wyvern zombie (D:8)
  5 killer bees (D:7)
  3 scorpions
  5 wights (D:9)
  5 crimson imps
  The ghost of GammafunkIsRetarded the Magician, a weakling HEIE (D:4)
  2 goliath beetles (D:7)
  10 orc priests
  14 jellies
  5 hounds
  3 centaur skeletons
  A giant frog skeleton (D:7)
  8 orc wizards
  2 iguanas
  A killer bee zombie (D:8)
  7 worker ants
  2 sheep (D:9)
  Ijyb (D:6)
  A hound skeleton (D:8)
  15 adders
  5 worms
  An adder zombie (D:5)
  An adder skeleton (D:9)
  3 giant geckos
  15 oozes
  48 orcs
  13 bats
  A bat skeleton (D:8)
  A bat zombie (D:4)
  8 giant cockroaches
  24 hobgoblins
  4 jackals (D:4)
  5 quokkas
  A ball python (D:3)
  8 giant newts
  2 giant spores
  12 goblins
  20 kobolds
  A quokka skeleton (D:5)
  20 rats
  5 ballistomycetes
346 creatures vanquished.

Vanquished Creatures (collateral kills)
  A killer bee (D:7)
  A worm (D:1)
2 creatures vanquished.

Vanquished Creatures (others)
  2 crimson imps
  2 giant spores (D:8)
  6 fungi (D:8)
10 creatures vanquished.

Grand Total: 358 creatures vanquished

Notes
Turn   | Place    | Note
--------------------------------------------------------------
     0 | D:1      | faibistes, the Deep Elf Wizard, began the quest for the Orb.
     0 | D:1      | Reached XP level 1. HP: 10/10 MP: 6/6
   406 | D:2      | Reached XP level 2. HP: 7/15 MP: 1/10
   713 | D:1      | Learned a level 2 spell: Blink
   716 | D:1      | Learned a level 2 spell: Call Imp
  1019 | D:1      | Reached skill level 5 in Spellcasting
  1046 | D:1      | Reached XP level 3. HP: 19/19 MP: 7/14
  1064 | D:1      | Learned a level 3 spell: Conjure Flame
  1068 | D:1      | Learned a level 3 spell: Mephitic Cloud
  2026 | D:2      | Reached XP level 4. HP: 24/24 MP: 8/17
  2426 | D:2      | Learned a level 2 spell: Repel Missiles
  2747 | D:3      | Found a glowing silver altar of Zin.
  2815 | D:3      | Reached skill level 6 in Spellcasting
  2957 | D:3      | Reached XP level 5. HP: 28/28 MP: 16/20
  3294 | D:5      | Entered Level 5 of the Dungeon
  3790 | D:3      | Reached XP level 6. HP: 29/32 MP: 13/22
  4127 | D:4      | Reached skill level 7 in Spellcasting
  4222 | D:4      | Noticed GammafunkIsRetarded's ghost (weakling HEIE)
  4235 | D:4      | Killed GammafunkIsRetarded's ghost
  4740 | D:4      | Found a snail-covered altar of Cheibriados.
  4877 | D:4      | Reached skill level 1 in Evocations
  5072 | D:4      | Noticed an ogre
  5087 | D:4      | Noticed an ogre
  5087 | D:4      | Killed an ogre
  5087 | D:4      | Reached skill level 1 in Fighting
  5087 | D:4      | Reached XP level 7. HP: 36/38 MP: 8/25
  5120 | D:4      | Killed an ogre
  5120 | D:4      | Reached skill level 5 in Dodging
  5544 | D:5      | Noticed Eustachio
  5579 | D:5      | Killed Eustachio
  5579 | D:5      | Reached skill level 8 in Spellcasting
  5772 | D:5      | Identified a scroll of acquirement
  5779 | D:5      | Learned a level 4 spell: Force Lance
  6155 | D:5      | Noticed a phantom
  6167 | D:5      | Killed a phantom
  6167 | D:5      | Reached XP level 8. HP: 37/45 MP: 26/28
  6541 | D:5      | Reached skill level 9 in Spellcasting
  6644 | D:5      | Noticed a centaur
  6654 | D:5      | Killed a centaur
  7102 | D:5      | Found a sacrificial altar of Ru.
  7102 | D:5      | Found a shadowy altar of Dithmenos.
  7103 | D:5      | Found a bloodstained altar of Trog.
  7273 | D:6      | Noticed Ijyb
  7291 | D:6      | Killed Ijyb
  7967 | D:6      | Reached skill level 10 in Spellcasting
  8376 | D:6      | Found Foec's Magic Scroll Shop.
  8396 | D:6      | Bought a scroll of blinking for 112 gold pieces
  8891 | D:7      | Found a staircase to the Ecumenical Temple.
  8899 | Temple   | Entered the Ecumenical Temple
  8928 | Temple   | Became a worshipper of Sif Muna the Loreminder
  9071 | D:7      | Reached XP level 9. HP: 52/52 MP: 22/30
  9131 | D:7      | Reached skill level 1 in Air Magic
  9258 | D:7      | Reached skill level 1 in Poison Magic
  9555 | D:7      | Reached skill level 1 in Fire Magic
 10135 | D:7      | Reached skill level 5 in Evocations
 10196 | D:7      | Noticed a cyclops
 10217 | D:7      | Killed a cyclops
 10217 | D:7      | Acquired Sif Muna's first power
 10907 | D:8      | Reached skill level 5 in Conjurations
 10923 | D:8      | Reached skill level 11 in Spellcasting
 11165 | D:8      | Acquired Sif Muna's second power
 11173 | D:8      | HP: 1/52 [orc wizard/magic dart (8)]
 11208 | D:7      | Learned a level 3 spell: Passwall
 11621 | D:8      | Reached XP level 10. HP: 57/57 MP: 28/32
 11714 | D:8      | Found a basalt altar of Yredelemnul.
 11753 | D:8      | Found a shimmering altar of Xom.
 12089 | D:9      | Reached skill level 1 in Earth Magic
 12316 | D:10     | Entered Level 10 of the Dungeon
 12926 | D:8      | Reached skill level 1 in Transmutations
 13044 | D:9      | Reached skill level 1 in Invocations
 13678 | D:8      | Noticed an oklob plant
 14013 | D:9      | Learned a level 4 spell: Summon Ice Beast
 14310 | D:9      | Reached skill level 1 in Charms
 14310 | D:9      | Reached skill level 1 in Ice Magic
 14440 | D:9      | Noticed a three-headed hydra
 14456 | D:9      | Killed a three-headed hydra
 14488 | D:9      | Reached XP level 11. HP: 39/62 MP: 7/33
 15484 | D:10     | Reached skill level 5 in Summonings
 15559 | D:11     | Acquired Sif Muna's third power
 15936 | D:10     | Reached skill level 12 in Spellcasting
 16069 | D:10     | Slain by a yak

Action                   |  1- 3 |  4- 6 |  7- 9 | 10-12 || total
-------------------------+-------+-------+-------+-------++-------
Melee: Unarmed           |     2 |       |       |       ||     2
       Dagger            |     6 |    44 |   162 |   242 ||   454
 Cast: Magic Dart        |    91 |   177 |   146 |   148 ||   562
       Mephitic Cloud    |     2 |    15 |    42 |    38 ||    97
       Conjure Flame     |     2 |     2 |    27 |    35 ||    66
       Call Imp          |     2 |       |     1 |       ||     3
       Repel Missiles    |       |     1 |     3 |       ||     4
       Blink             |       |       |     7 |     7 ||    14
       Force Lance       |       |       |    34 |    64 ||    98
Invok: Channel Energy    |       |       |     2 |     3 ||     5
  Use: Scroll            |     4 |     7 |     6 |       ||    17
       Potion            |       |       |     1 |       ||     1
 Stab: Sleeping          |     1 |       |       |       ||     1
       Confused          |       |     4 |    12 |     7 ||    23
  Eat: Chunk             |     3 |     5 |    19 |    13 ||    40
       Bread ration      |       |     1 |       |       ||     1
       Pizza             |       |       |     1 |     1 ||     2
       Fruit             |       |       |       |     1 ||     1
